Rocket vs Heat

Created - July 12, 2022 at 20:47

Goals
1 2 3 T
Rocket 0 2 0 2
Heat 3 1 2 6
Shots
1 2 3 T
Rocket 14 12 8 34
Heat 15 11 9 35

1st period

1. Heat , Kevin Labanc 1 (Victor Rask 1, Matthew Nieto 3) at 11:27 (PP)
2. Heat , Victor Rask 1 (Matthew Nieto 4) at 15:15 (PP)
3. Heat , Matthew Nieto 1 (Frank Corrado 1, Kevin Labanc 2) at 16:09

Penalties :
Karson Kuhlman (Lav) for Interference (Minor) at 11:16, Viktor Loov (Lav) for Hooking (Minor) at 14:57

2nd period

4. Rocket , Mattias Tedenby 3 (Corey Trivino 4, Adam Fox 3) at 14:32 (PP)
5. Rocket , Brandon Pirri 2 (Mattias Tedenby 3, Corey Trivino 5) at 18:30
6. Heat , Rasmus Andersson 1 (Philip Varone 1) at 18:34

Penalties :
Dean Kukan (Lav) for Interference (Minor) at 0:25, Philip Varone (Sto) for Hooking (Minor) at 14:17

3rd period

7. Heat , Kevin Labanc 2 (Philip Varone 2, Matthew Nieto 5) at 7:01
8. Heat , Chris Brown 1 (Rasmus Andersson 1, Barclay Goodrow 1) at 8:19

Penalties :
Matthew Nieto (Sto) for Interference (Minor) at 9:43, Frank Corrado (Sto) for Roughing (Minor) at 19:00

Goalie Stats

Igor Shesterkin (Lav), 29 saves from 35 shots - (0.829), L, 2-1-0, 60:00 minutes
Michael Hutchinson (Sto), 32 saves from 34 shots - (0.941), W, 1-2-0, 60:00 minutes

Players Stats for Rocket

Player Name              G  A  P  +/- PIM S  H  SB GA TA FO     MP     PP MP  PK MP  
------------------------------------------------------------------------------------
Adam Fox                 0  1  1  -1  0   5  2  1  0  2  0/0    26:04   2:26   0:00 
Adrian Kempe             0  0  0  -2  0   2  0  0  1  0  0/0    18:14   1:22   0:11 
Andrei Mironov           0  0  0  -1  0   2  0  0  0  0  0/0    22:07   2:26   0:34 
Andrey Pedan             0  0  0  -1  0   0  0  5  0  0  0/0    20:22   0:47   1:25 
Brandon Pirri            1  0  1   0  0   4  0  0  0  0  1/4    20:12   1:45   0:00 
Corey Trivino            0  2  2   0  0   1  3  0  0  0  15/29  19:31   1:45   0:11 
Danton Heinen            0  0  0  -2  0   2  4  0  2  0  1/1    17:24   1:22   0:00 
Dean Kukan               0  0  0   0  2   0  1  1  0  3  0/0    21:42   0:47   0:29 
Dominic Turgeon          0  0  0  -1  0   3  1  0  0  1  6/16   14:54   0:06   1:54 
Jakub Vrana              0  0  0   0  0   2  1  1  0  1  0/0     8:08   0:06   0:00 
Jiri Sekac               0  0  0  -1  0   4  1  0  1  0  0/0    14:34   0:00   1:54 
Karson Kuhlman           0  0  0   0  2   0  0  0  0  0  1/2     8:10   0:00   0:23 
Kole Sherwood            0  0  0  -1  0   0  3  0  0  1  0/0    12:16   0:00   0:00 
Luca Sbisa               0  0  0  -2  0   3  2  5  0  0  0/0    18:56   0:00   1:54 
Mattias Tedenby          1  1  2   0  0   2  2  0  4  0  2/2    19:34   1:45   0:00 
Peter Holland            0  0  0  -2  0   3  2  0  0  0  2/18   17:24   1:22   0:00 
Ty Rattie                0  0  0   0  0   1  0  0  0  0  0/0     8:31   0:06   0:23 
Viktor Loov              0  0  0  -1  2   0  0  1  0  1  0/0     9:26   0:00   0:34 

Players Stats for Heat

Player Name              G  A  P  +/- PIM S  H  SB GA TA FO     MP     PP MP  PK MP  
------------------------------------------------------------------------------------
Barclay Goodrow          0  1  1   1  0   3  3  1  0  0  0/0    11:46   0:00   0:00 
Brandon Hickey           0  0  0   0  0   0  0  0  0  0  0/0     7:32   0:00   0:00 
Chris Brown              1  0  1   1  0   3  0  1  1  0  6/8    11:51   0:00   0:05 
Dominik Masin            0  0  0   0  0   1  1  1  0  1  0/0    18:25   0:33   0:59 
Evgeny Svechnikov        0  0  0  -1  0   3  0  0  0  0  0/1    15:45   0:40   0:23 
Frank Corrado            0  1  1   3  2   1  5  2  0  1  0/0    27:00   1:55   1:15 
Greg Pateryn             0  0  0   0  0   0  2  2  0  1  0/0    13:35   0:00   0:00 
Jake DeBrusk             0  0  0  -1  0   1  1  0  2  1  2/2    17:34   0:40   2:12 
Jesper Bratt             0  0  0   0  0   1  1  0  1  0  0/0     8:05   0:00   0:33 
John Gilmour             0  0  0   0  0   0  0  1  0  0  0/0    13:35   0:00   0:00 
Kevin Labanc             2  1  3   3  0   8  0  0  1  0  2/3    22:07   1:48   0:00 
Mathieu Brodeur          0  0  0   0  0   1  1  0  1  2  0/0    19:24   0:33   1:58 
Matthew Nieto            1  3  4   3  2   7  4  0  0  0  4/4    22:06   1:48   0:00 
Nico Sturm               0  0  0   0  0   1  2  0  0  0  1/1     7:55   0:00   0:23 
Peter Cehlarik           0  0  0   1  0   1  0  0  0  0  1/1    12:39   0:00   0:53 
Philip Varone            0  2  2   3  2   0  4  2  0  1  18/35  22:31   0:40   1:57 
Rasmus Andersson         1  1  2   3  0   2  0  3  2  1  0/0    28:00   1:55   2:14 
Victor Rask              1  1  2  -1  0   2  1  0  1  0  10/17  16:54   1:48   0:00 

3 Stars

1 - Matthew Nieto (Sto)
2 - Kevin Labanc (Sto)
3 - Rasmus Andersson (Sto)

Power Play

Rocket - 1 on 3 Attempt(s) - 33.33%
Heat - 2 on 3 Attempt(s) - 66.67%

Penalty Kill

Rocket - 1 on 3 Attempt(s) - 33.33% - Score 0 goal in Penalty Kill
Heat - 2 on 3 Attempt(s) - 66.67% - Score 0 goal in Penalty Kill

Team Stat

Rocket - Hits : 22 - Faceoff Wins : 28 - Blocked Shots : 14 - Penalty Minutes : 6
Heat - Hits : 25 - Faceoff Wins : 44 - Blocked Shots : 13 - Penalty Minutes : 6

Official

Referees : Eric Furlatt and Brad Meier
Linesman : Ryan Gibbons and Mark Shewchyk

Game Notes

16:09 of 1st period - Heat goal is going for a video replay. After video review, Goal.
Viktor Loov is injured at 1:57 of 2nd period (Back Spasms)
8:19 of 3rd period - Heat goal is going for a video replay. After video review, Goal.

Finance

Level 1 -- Attendance: 1975 (98.75%) -- Ticket Income $69,125
Level 2 -- Attendance: 1000 (100.00%) -- Ticket Income $15,000
Total Attendance: 2975 (99.17%)
Total Ticket Income: $84,125
Other Income: $4,206
Total Income: $88,331

Rocket

5 vs 5 Forward 
   Center                   Left Wing                Right Wing               Time % Phy DF OF 
 1 Corey Trivino            Brandon Pirri            Mattias Tedenby          40     0   2  3  
 2 Peter Holland            Adrian Kempe             Danton Heinen            30     0   2  3  
 3 Dominic Turgeon          Jiri Sekac               Kole Sherwood            20     0   3  2  
 4 Karson Kuhlman           Jakub Vrana              Ty Rattie                10     1   2  2  

5 vs 5 Defense 
   Defense                  Defense                                           Time % Phy DF OF 
 1 Viktor Loov              Dean Kukan                                        40     0   2  3  
 2 Adam Fox                 Luca Sbisa                                        30     1   2  2  
 3 Andrei Mironov           Andrey Pedan                                      20     1   2  2  
 4 Viktor Loov              Adam Fox                                          10     1   2  2  

PowerPlay Forward 
   Center                   Left Wing                Right Wing               Time % Phy DF OF 
 1 Corey Trivino            Brandon Pirri            Mattias Tedenby          60     0   1  4  
 2 Peter Holland            Adrian Kempe             Danton Heinen            40     0   1  4  

PowerPlay Defense
   Defense                  Defense                                           Time % Phy DF OF 
 1 Viktor Loov              Adam Fox                                          60     0   1  4  
 2 Andrey Pedan             Andrei Mironov                                    40     0   1  4  

Penalty Kill 4 Players Forward 
   Center                   Wing                     Time % Phy DF OF 
 1 Dominic Turgeon          Jiri Sekac               60     0   4  1  
 2 Karson Kuhlman           Ty Rattie                40     0   4  1  

Penalty Kill 4 Players Defense
   Defense                  Defense                  Time % Phy DF OF 
 1 Luca Sbisa               Dean Kukan               60     0   5  0  
 2 Andrey Pedan             Andrei Mironov           40     0   5  0  

Penalty Kill - 3 Players Forward 
   Forward                                           Time % Phy DF OF 
 1 Dominic Turgeon                                   60     0   5  0  
 2 Corey Trivino                                     40     0   5  0  

Penalty Kill - 3 Players Defense
   Defense                  Defense                  Time % Phy DF OF 
 1 Andrei Mironov           Andrey Pedan             60     0   5  0  
 2 Luca Sbisa               Viktor Loov              40     0   5  0  

4 vs 4 Forward 
   Center                   Wing                     Time % Phy DF OF 
 1 Mattias Tedenby          Corey Trivino            60     0   2  3  
 2 Brandon Pirri            Adrian Kempe             40     0   2  3  

4 vs 4 Defense
   Defense                  Defense                  Time % Phy DF OF 
 1 Viktor Loov              Adam Fox                 60     0   2  3  
 2 Andrey Pedan             Luca Sbisa               40     0   2  3  

Last Minutes Offensive
   Center                   Left Wing                Right Wing               Defense                  Defense                  
   Corey Trivino            Brandon Pirri            Mattias Tedenby          Viktor Loov              Adam Fox                 

Last Minutes Defensive
   Center                   Left Wing                Right Wing               Defense                  Defense                  
   Corey Trivino            Brandon Pirri            Mattias Tedenby          Andrei Mironov           Dean Kukan               

Goaltenders
Starting : Igor Shesterkin          
Backup : Sami Aittokallio         

Extra Forwards
Normal : Danton Heinen, Adrian Kempe, Mattias Tedenby - PP : Mattias Tedenby, Danton Heinen - PK : Dominic Turgeon
Extra Defensemen
Normal : Viktor Loov, Adam Fox, Andrey Pedan - PP : Adam Fox - PK : Luca Sbisa, Andrey Pedan
Penalty Shots
Mattias Tedenby, Corey Trivino, Brandon Pirri, Adrian Kempe, Danton Heinen

Scratches
Branden Troock (Healthy), Daniel Sprong (Healthy), Dylan DeMelo (Healthy), Guillaume Brisebois (Healthy), Jack Glover (Healthy)
Mason Appleton (Healthy), Ryan Collins (Healthy), Sergey Tolchinsky (Healthy), Tyler Lewington (Healthy), Luke Kunin (Healthy)
Mikhail Maltsev (Healthy)

Heat

5 vs 5 Forward 
   Center                   Left Wing                Right Wing               Time % Phy DF OF 
 1 Philip Varone            Matthew Nieto            Kevin Labanc             40     1   2  2  
 2 Victor Rask              Jake DeBrusk             Evgeny Svechnikov        30     1   2  2  
 3 Chris Brown              Peter Cehlarik           Barclay Goodrow          20     1   2  2  
 4 Nico Sturm               Jesper Bratt             Brandon Hickey           10     1   2  2  

5 vs 5 Defense 
   Defense                  Defense                                           Time % Phy DF OF 
 1 Frank Corrado            Rasmus Andersson                                  40     1   2  2  
 2 Dominik Masin            Mathieu Brodeur                                   30     1   2  2  
 3 John Gilmour             Greg Pateryn                                      20     1   2  2  
 4 Frank Corrado            Rasmus Andersson                                  10     1   2  2  

PowerPlay Forward 
   Center                   Left Wing                Right Wing               Time % Phy DF OF 
 1 Victor Rask              Matthew Nieto            Kevin Labanc             60     1   2  2  
 2 Philip Varone            Jake DeBrusk             Evgeny Svechnikov        40     1   2  2  

PowerPlay Defense
   Defense                  Defense                                           Time % Phy DF OF 
 1 Frank Corrado            Rasmus Andersson                                  60     1   2  2  
 2 Dominik Masin            Mathieu Brodeur                                   40     1   2  2  

Penalty Kill 4 Players Forward 
   Center                   Wing                     Time % Phy DF OF 
 1 Philip Varone            Jake DeBrusk             60     1   2  2  
 2 Nico Sturm               Evgeny Svechnikov        40     1   2  2  

Penalty Kill 4 Players Defense
   Defense                  Defense                  Time % Phy DF OF 
 1 Frank Corrado            Rasmus Andersson         60     1   2  2  
 2 Dominik Masin            Mathieu Brodeur          40     1   2  2  

Penalty Kill - 3 Players Forward 
   Forward                                           Time % Phy DF OF 
 1 Matthew Nieto                                     60     1   2  2  
 2 Kevin Labanc                                      40     1   2  2  

Penalty Kill - 3 Players Defense
   Defense                  Defense                  Time % Phy DF OF 
 1 Frank Corrado            Rasmus Andersson         60     1   2  2  
 2 Dominik Masin            Mathieu Brodeur          40     1   2  2  

4 vs 4 Forward 
   Center                   Wing                     Time % Phy DF OF 
 1 Victor Rask              Matthew Nieto            60     1   2  2  
 2 Philip Varone            Kevin Labanc             40     1   2  2  

4 vs 4 Defense
   Defense                  Defense                  Time % Phy DF OF 
 1 Frank Corrado            Rasmus Andersson         60     1   2  2  
 2 Dominik Masin            Mathieu Brodeur          40     1   2  2  

Last Minutes Offensive
   Center                   Left Wing                Right Wing               Defense                  Defense                  
   Philip Varone            Matthew Nieto            Kevin Labanc             Frank Corrado            Rasmus Andersson         

Last Minutes Defensive
   Center                   Left Wing                Right Wing               Defense                  Defense                  
   Philip Varone            Matthew Nieto            Kevin Labanc             Dominik Masin            Rasmus Andersson         

Goaltenders
Starting : Michael Hutchinson       
Backup : Nathan Lieuwen           

Extra Forwards
Normal : Jake DeBrusk, Nico Sturm, Peter Cehlarik - PP : Chris Brown, Nico Sturm - PK : Peter Cehlarik
Extra Defensemen
Normal : John Gilmour, Mathieu Brodeur, Dominik Masin - PP : John Gilmour - PK : Mathieu Brodeur, Dominik Masin
Penalty Shots
Matthew Nieto, Jake DeBrusk, Kevin Labanc, Evgeny Svechnikov, Victor Rask

Scratches
Alexander True (Healthy), Christian Jaros (Healthy), Eric Karlsson (Torn Right Knee Ligaments Injury), Petteri Lindbohm (Healthy), Ryan Donato (Healthy)
Ryan Spooner (Healthy), Trevor Carrick (Healthy), Vladislav Kamenev (Healthy), Tage Thompson (Healthy), Radim Zohorna (Healthy)
Vitek Vanecek (Healthy), Collin Delia (Healthy)

% Time on Ice - Rocket

Lines # - Real PCT - Wanted PCT - Time Play
Normal Forward
1 - 34% - 40% - 18:13
2 - 30% - 30% - 16:02
3 - 23% - 20% - 12:16
4 - 14% - 10% - 7:48
Normal Defense
1 - 40% - 40% - 21:59
2 - 27% - 30% - 14:27
3 - 21% - 20% - 11:35
4 - 12% - 10% - 6:18
PP Forward
1 - 58% - 60% - 1:51
2 - 42% - 40% - 1:22
PP Defense
1 - 100% - 60% - 3:13
2 - 0% - 40% - 0:00
PK Forward
1 - 84% - 60% - 2:05
2 - 16% - 40% - 0:23
PK Defense
1 - 100% - 60% - 2:28
2 - 0% - 40% - 0:00
PK3 Forward
1 - 0% - 60%
2 - 0% - 40%
PK3 Defense
1 - 0% - 60%
2 - 0% - 40%
44 Forward
1 - 0% - 60%
2 - 0% - 40%
44 Defense
1 - 0% - 60%
2 - 0% - 40%
Last Minute Offensive  - 0:00
Last Minute Defensive  - 0:00
Total
Forward - 60:00
Defense - 60:00

% Time on Ice - Heat

Lines # - Real PCT - Wanted PCT - Time Play
Normal Forward
1 - 37% - 40% - 20:19
2 - 27% - 30% - 14:42
3 - 22% - 20% - 11:46
4 - 14% - 10% - 7:32
Normal Defense
1 - 38% - 40% - 20:31
2 - 31% - 30% - 16:53
3 - 25% - 20% - 13:35
4 - 6% - 10% - 3:20
PP Forward
1 - 73% - 60% - 1:48
2 - 27% - 40% - 0:40
PP Defense
1 - 78% - 60% - 1:55
2 - 22% - 40% - 0:33
PK Forward
1 - 88% - 60% - 2:50
2 - 12% - 40% - 0:23
PK Defense
1 - 69% - 60% - 2:14
2 - 31% - 40% - 0:59
PK3 Forward
1 - 0% - 60%
2 - 0% - 40%
PK3 Defense
1 - 0% - 60%
2 - 0% - 40%
44 Forward
1 - 0% - 60%
2 - 0% - 40%
44 Defense
1 - 0% - 60%
2 - 0% - 40%
Last Minute Offensive  - 0:00
Last Minute Defensive  - 0:00
Total
Forward - 60:00
Defense - 60:00

Play-by-Play

1st period


0:01 of 1st period - Philip Varone wins face-off versus Corey Trivino in neutral zone.
1:12 of 1st period - Brandon Hickey is hit by Dominic Turgeon.
2:21 of 1st period - Wrist shot by Evgeny Svechnikov.
2:21 of 1st period - Stopped by Igor Shesterkin with a rebound.
2:23 of 1st period - Snap shot by Nico Sturm.
2:23 of 1st period - Shot Blocked by Luca Sbisa.
2:25 of 1st period - Slapshot by Brandon Hickey.
2:25 of 1st period - Shot Blocked by Luca Sbisa.
2:27 of 1st period - Snap shot by Mathieu Brodeur.
2:27 of 1st period - Deflect By Jesper Bratt.
2:27 of 1st period - Stopped by Igor Shesterkin with a rebound.
2:29 of 1st period - Snap shot by Dominik Masin.
2:29 of 1st period - Deflect By Jesper Bratt.
2:29 of 1st period - Shot Misses the Net.
2:29 of 1st period - Puck is out of play.
2:30 of 1st period - Peter Holland wins face-off versus Philip Varone in Rocket zone.
3:04 of 1st period - Slapshot by Jiri Sekac.
3:04 of 1st period - Stopped by Michael Hutchinson without a rebound.
3:05 of 1st period - Corey Trivino wins face-off versus Victor Rask in Heat zone.
3:30 of 1st period - Greg Pateryn is hit by Peter Holland.
3:57 of 1st period - Snap shot by Jakub Vrana.
3:57 of 1st period - Shot Misses the Net.
3:59 of 1st period - Slapshot by Andrei Mironov.
3:59 of 1st period - Deflect By Peter Cehlarik.
3:59 of 1st period - Stopped by Michael Hutchinson with a rebound.
4:01 of 1st period - Snap shot by Jakub Vrana.
4:01 of 1st period - Deflect By Peter Cehlarik.
4:01 of 1st period - Stopped by Michael Hutchinson with a rebound.
4:03 of 1st period - Wrist shot by Andrei Mironov.
4:03 of 1st period - Stopped by Michael Hutchinson without a rebound.
4:04 of 1st period - Corey Trivino wins face-off versus Philip Varone in Heat zone.
4:07 of 1st period - Snap shot by Mattias Tedenby.
4:07 of 1st period - Shot Misses the Net.
4:19 of 1st period - Wrist shot by Matthew Nieto.
4:19 of 1st period - Stopped by Igor Shesterkin without a rebound.
4:20 of 1st period - Victor Rask wins face-off versus Dominic Turgeon in Rocket zone.
4:47 of 1st period - Viktor Loov is hit by Matthew Nieto and loses puck.
4:56 of 1st period - Snap shot by Kevin Labanc.
4:56 of 1st period - Shot Misses the Net.
5:34 of 1st period - Wrist shot by Ty Rattie.
5:34 of 1st period - Deflect By Jakub Vrana.
5:34 of 1st period - Shot Misses the Net.
5:34 of 1st period - Puck is out of play.
5:35 of 1st period - Corey Trivino wins face-off versus Philip Varone in Heat zone.
5:36 of 1st period - Snap shot by Mattias Tedenby.
5:36 of 1st period - Shot Misses the Net.
5:38 of 1st period - Snap shot by Corey Trivino.
5:38 of 1st period - Shot Misses the Net.
6:00 of 1st period - Peter Holland is hit by Greg Pateryn and loses puck.
6:15 of 1st period - Icing by Jake DeBrusk.
6:16 of 1st period - Jake DeBrusk wins face-off versus Corey Trivino in Heat zone.
7:05 of 1st period - Slapshot by Adam Fox.
7:05 of 1st period - Stopped by Michael Hutchinson with a rebound.
7:07 of 1st period - Wrist shot by Ty Rattie.
7:07 of 1st period - Stopped by Michael Hutchinson with a rebound.
7:09 of 1st period - Slapshot by Luca Sbisa.
7:09 of 1st period - Shot Misses the Net.
7:29 of 1st period - Wrist shot by Adrian Kempe.
7:29 of 1st period - Stopped by Michael Hutchinson with a rebound.
7:45 of 1st period - Dean Kukan is hit by Philip Varone and loses puck.
8:10 of 1st period - Jiri Sekac is hit by Dominik Masin.
8:14 of 1st period - Snap shot by Jake DeBrusk.
8:14 of 1st period - Deflect By Evgeny Svechnikov.
8:14 of 1st period - Shot Blocked by Dean Kukan.
8:14 of 1st period - Puck is out of play.
8:15 of 1st period - Chris Brown wins face-off versus Peter Holland in Rocket zone.
8:20 of 1st period - Snap shot by Chris Brown.
8:20 of 1st period - Stopped by Igor Shesterkin without a rebound.
8:21 of 1st period - Chris Brown wins face-off versus Peter Holland in Rocket zone.
8:26 of 1st period - Snap shot by Peter Cehlarik.
8:26 of 1st period - Stopped by Igor Shesterkin with a rebound.
8:28 of 1st period - Slapshot by Barclay Goodrow.
8:28 of 1st period - Deflect By Peter Cehlarik.
8:28 of 1st period - Shot Misses the Net.
8:28 of 1st period - Puck is out of play.
8:29 of 1st period - Corey Trivino wins face-off versus Philip Varone in Rocket zone.
8:54 of 1st period - Evgeny Svechnikov is hit by Jiri Sekac and loses puck.
9:15 of 1st period - Snap shot by Adrian Kempe.
9:15 of 1st period - Shot Misses the Net.
9:42 of 1st period - Snap shot by Matthew Nieto.
9:42 of 1st period - Stopped by Igor Shesterkin with a rebound.
9:54 of 1st period - Snap shot by Jake DeBrusk.
9:54 of 1st period - Shot Misses the Net.
9:56 of 1st period - Slapshot by Rasmus Andersson.
9:56 of 1st period - Stopped by Igor Shesterkin with a rebound.
9:58 of 1st period - Slapshot by Frank Corrado.
9:58 of 1st period - Deflect By Victor Rask.
9:58 of 1st period - Shot Misses the Net.
9:58 of 1st period - Puck is out of play.
9:59 of 1st period - Victor Rask wins face-off versus Corey Trivino in Rocket zone.
10:36 of 1st period - Backhand shot by Evgeny Svechnikov.
10:36 of 1st period - Shot Misses the Net.
10:38 of 1st period - Snap shot by Jake DeBrusk.
10:38 of 1st period - Deflect By Victor Rask.
10:38 of 1st period - Shot Misses the Net.
10:38 of 1st period - Puck is out of play.
10:39 of 1st period - Dominic Turgeon wins face-off versus Philip Varone in Rocket zone.
10:52 of 1st period - Wrist shot by Jiri Sekac.
10:52 of 1st period - Shot Blocked by Rasmus Andersson.
11:06 of 1st period - Luca Sbisa is hit by Barclay Goodrow and loses puck.
11:16 of 1st period - Minor Penalty to Karson Kuhlman for Interference.
11:17 of 1st period - Victor Rask wins face-off versus Dominic Turgeon in Rocket zone.
11:25 of 1st period - Snap shot by Kevin Labanc.
11:25 of 1st period - Stopped by Igor Shesterkin with a rebound.
11:27 of 1st period - Backhand shot by Victor Rask.
11:27 of 1st period - Deflect By Kevin Labanc.
11:27 of 1st period - Goal by Kevin Labanc - Rocket : 0 - Heat : 1.
11:28 of 1st period - Corey Trivino wins face-off versus Philip Varone in neutral zone.
11:55 of 1st period - Dean Kukan is hit by Nico Sturm and loses puck.
13:22 of 1st period - Slapshot by Corey Trivino.
13:22 of 1st period - Shot Blocked by Rasmus Andersson.
13:24 of 1st period - Snap shot by Peter Holland.
13:24 of 1st period - Stopped by Michael Hutchinson with a rebound.
13:26 of 1st period - Wrist shot by Peter Holland.
13:26 of 1st period - Stopped by Michael Hutchinson without a rebound.
13:27 of 1st period - Matthew Nieto wins face-off versus Peter Holland in Heat zone.
13:36 of 1st period - Wrist shot by Danton Heinen.
13:36 of 1st period - Stopped by Michael Hutchinson without a rebound.
13:37 of 1st period - Philip Varone wins face-off versus Corey Trivino in Heat zone.
13:52 of 1st period - Snap shot by Brandon Pirri.
13:52 of 1st period - Shot Misses the Net.
14:20 of 1st period - Off-side.
14:21 of 1st period - Chris Brown wins face-off versus Peter Holland in neutral zone.
14:33 of 1st period - Slapshot by Peter Cehlarik.
14:33 of 1st period - Shot Misses the Net.
14:35 of 1st period - Snap shot by Barclay Goodrow.
14:35 of 1st period - Stopped by Igor Shesterkin without a rebound.
14:36 of 1st period - Matthew Nieto wins face-off versus Corey Trivino in Rocket zone.
14:41 of 1st period - Snap shot by Kevin Labanc.
14:41 of 1st period - Shot Blocked by Viktor Loov.
14:43 of 1st period - Backhand shot by Frank Corrado.
14:43 of 1st period - Stopped by Igor Shesterkin with a rebound.
14:51 of 1st period - Snap shot by Kevin Labanc.
14:51 of 1st period - Shot Misses the Net.
14:57 of 1st period - Minor Penalty to Viktor Loov for Hooking.
14:58 of 1st period - Victor Rask wins face-off versus Dominic Turgeon in Rocket zone.
14:59 of 1st period - Wrist shot by Kevin Labanc.
14:59 of 1st period - Stopped by Igor Shesterkin without a rebound.
15:00 of 1st period - Dominic Turgeon wins face-off versus Victor Rask in Rocket zone.
15:00 of 1st period - Dominic Turgeon is hit by Frank Corrado.
15:09 of 1st period - Off-side.
15:10 of 1st period - Victor Rask wins face-off versus Dominic Turgeon in neutral zone.
15:13 of 1st period - Snap shot by Matthew Nieto.
15:13 of 1st period - Shot Blocked by Luca Sbisa.
15:15 of 1st period - Snap shot by Victor Rask.
15:15 of 1st period - Goal by Victor Rask - Rocket : 0 - Heat : 2.
15:16 of 1st period - Corey Trivino wins face-off versus Philip Varone in neutral zone.
15:51 of 1st period - Snap shot by Luca Sbisa.
15:51 of 1st period - Stopped by Michael Hutchinson with a rebound.
15:53 of 1st period - Slapshot by Adam Fox.
15:53 of 1st period - Stopped by Michael Hutchinson without a rebound.
15:54 of 1st period - Philip Varone wins face-off versus Peter Holland in Heat zone.
16:05 of 1st period - Slapshot by Matthew Nieto.
16:05 of 1st period - Stopped by Igor Shesterkin with a rebound.
16:07 of 1st period - Slapshot by Frank Corrado.
16:07 of 1st period - Shot Misses the Net.
16:09 of 1st period - Wrist shot by Matthew Nieto.
16:09 of 1st period - Heat goal is going for a video replay.
16:09 of 1st period - The goal is good.
16:09 of 1st period - Goal by Matthew Nieto - Rocket : 0 - Heat : 3.
16:10 of 1st period - Corey Trivino wins face-off versus Philip Varone in neutral zone.
16:35 of 1st period - Victor Rask is hit by Dean Kukan and loses puck.
16:40 of 1st period - Slapshot by Luca Sbisa.
16:40 of 1st period - Stopped by Michael Hutchinson without a rebound.
16:41 of 1st period - Victor Rask wins face-off versus Peter Holland in Heat zone.
16:54 of 1st period - Wrist shot by Adrian Kempe.
16:54 of 1st period - Shot Misses the Net.
17:08 of 1st period - Adam Fox is hit by Matthew Nieto and loses puck.
18:16 of 1st period - Snap shot by Brandon Pirri.
18:16 of 1st period - Stopped by Michael Hutchinson with a rebound.
18:18 of 1st period - Wrist shot by Brandon Pirri.
18:18 of 1st period - Shot Misses the Net.
Goals for this period are 0 for Rocket vs 3 for Heat.
Shots for this period are 14 for Rocket vs 15 for Heat.

2nd period


0:01 of 2nd period - Philip Varone wins face-off versus Corey Trivino in neutral zone.
0:03 of 2nd period - Off-side.
0:04 of 2nd period - Philip Varone wins face-off versus Brandon Pirri in neutral zone.
0:19 of 2nd period - Backhand shot by Matthew Nieto.
0:19 of 2nd period - Stopped by Igor Shesterkin with a rebound.
0:25 of 2nd period - Minor Penalty to Dean Kukan for Interference.
0:26 of 2nd period - Dominic Turgeon wins face-off versus Victor Rask in Rocket zone.
0:37 of 2nd period - Snap shot by Matthew Nieto.
0:37 of 2nd period - Stopped by Igor Shesterkin without a rebound.
0:38 of 2nd period - Victor Rask wins face-off versus Dominic Turgeon in Rocket zone.
0:47 of 2nd period - Snap shot by Matthew Nieto.
0:47 of 2nd period - Shot Misses the Net.
0:49 of 2nd period - Wrist shot by Matthew Nieto.
0:49 of 2nd period - Shot Misses the Net.
1:56 of 2nd period - Viktor Loov is hit by Jake DeBrusk and loses puck.
1:57 of 2nd period - Viktor Loov from Rocket is injured at 1:57 of 2nd period (Back Spasms).
1:58 of 2nd period - Matthew Nieto wins face-off versus Dominic Turgeon in Rocket zone.
2:03 of 2nd period - Snap shot by Matthew Nieto.
2:03 of 2nd period - Stopped by Igor Shesterkin without a rebound.
2:04 of 2nd period - Victor Rask wins face-off versus Dominic Turgeon in Rocket zone.
2:25 of 2nd period - Penalty to Dean Kukan is over, Dean Kukan is back on ice.
2:38 of 2nd period - Snap shot by Matthew Nieto.
2:38 of 2nd period - Shot Blocked by Andrey Pedan.
2:48 of 2nd period - Wrist shot by Kevin Labanc.
2:48 of 2nd period - Stopped by Igor Shesterkin without a rebound.
2:49 of 2nd period - Chris Brown wins face-off versus Peter Holland in Rocket zone.
3:36 of 2nd period - Snap shot by Ty Rattie.
3:36 of 2nd period - Shot Misses the Net.
4:10 of 2nd period - Slapshot by Peter Cehlarik.
4:10 of 2nd period - Shot Misses the Net.
4:44 of 2nd period - Jakub Vrana is hit by Frank Corrado and loses puck.
4:53 of 2nd period - Slapshot by Adam Fox.
4:53 of 2nd period - Stopped by Michael Hutchinson with a rebound.
5:15 of 2nd period - Kevin Labanc is hit by Kole Sherwood and loses puck.
6:01 of 2nd period - Jakub Vrana is hit by Frank Corrado and loses puck.
6:51 of 2nd period - Adrian Kempe is hit by Philip Varone and loses puck.
7:27 of 2nd period - Slapshot by Adam Fox.
7:27 of 2nd period - Shot Blocked by Chris Brown.
7:29 of 2nd period - Slapshot by Adam Fox.
7:29 of 2nd period - Shot Misses the Net.
7:31 of 2nd period - Slapshot by Adam Fox.
7:31 of 2nd period - Deflect By Dominic Turgeon.
7:31 of 2nd period - Stopped by Michael Hutchinson without a rebound.
7:32 of 2nd period - Matthew Nieto wins face-off versus Corey Trivino in Heat zone.
7:37 of 2nd period - Andrei Mironov is hit by Philip Varone and loses puck.
8:17 of 2nd period - Barclay Goodrow is hit by Danton Heinen and loses puck.
8:24 of 2nd period - Snap shot by Peter Cehlarik.
8:24 of 2nd period - Shot Blocked by Andrey Pedan.
8:26 of 2nd period - Snap shot by Chris Brown.
8:26 of 2nd period - Stopped by Igor Shesterkin without a rebound.
8:27 of 2nd period - Philip Varone wins face-off versus Corey Trivino in Rocket zone.
8:30 of 2nd period - Wrist shot by Kevin Labanc.
8:30 of 2nd period - Stopped by Igor Shesterkin without a rebound.
8:31 of 2nd period - Philip Varone wins face-off versus Brandon Pirri in Rocket zone.
8:53 of 2nd period - Icing by Luca Sbisa.
8:54 of 2nd period - Peter Holland wins face-off versus Victor Rask in Rocket zone.
9:09 of 2nd period - Snap shot by Jake DeBrusk.
9:09 of 2nd period - Shot Blocked by Luca Sbisa.
9:19 of 2nd period - Greg Pateryn is hit by Luca Sbisa and loses puck.
9:32 of 2nd period - Snap shot by Mattias Tedenby.
9:32 of 2nd period - Shot Blocked by Philip Varone.
10:25 of 2nd period - Wrist shot by Nico Sturm.
10:25 of 2nd period - Stopped by Igor Shesterkin with a rebound.
10:27 of 2nd period - Snap shot by Jesper Bratt.
10:27 of 2nd period - Shot Blocked by Andrey Pedan.
10:29 of 2nd period - Slapshot by Mathieu Brodeur.
10:29 of 2nd period - Stopped by Igor Shesterkin without a rebound.
10:30 of 2nd period - Philip Varone wins face-off versus Peter Holland in Rocket zone.
10:45 of 2nd period - Snap shot by Adrian Kempe.
10:45 of 2nd period - Deflect By Peter Holland.
10:45 of 2nd period - Shot Misses the Net.
10:45 of 2nd period - Puck is out of play.
10:46 of 2nd period - Victor Rask wins face-off versus Corey Trivino in Heat zone.
10:59 of 2nd period - Slapshot by Victor Rask.
10:59 of 2nd period - Stopped by Igor Shesterkin with a rebound.
11:01 of 2nd period - Wrist shot by Victor Rask.
11:01 of 2nd period - Deflect By Evgeny Svechnikov.
11:01 of 2nd period - Stopped by Igor Shesterkin without a rebound.
11:02 of 2nd period - Danton Heinen wins face-off versus Philip Varone in Rocket zone.
11:02 of 2nd period - Danton Heinen is hit by Frank Corrado.
11:08 of 2nd period - Slapshot by Adam Fox.
11:08 of 2nd period - Deflect By Peter Holland.
11:08 of 2nd period - Stopped by Michael Hutchinson without a rebound.
11:09 of 2nd period - Philip Varone wins face-off versus Peter Holland in Heat zone.
11:18 of 2nd period - Snap shot by Adrian Kempe.
11:18 of 2nd period - Shot Blocked by Frank Corrado.
11:20 of 2nd period - Wrist shot by Danton Heinen.
11:20 of 2nd period - Shot Blocked by Rasmus Andersson.
11:22 of 2nd period - Snap shot by Luca Sbisa.
11:22 of 2nd period - Stopped by Michael Hutchinson with a rebound.
11:24 of 2nd period - Snap shot by Danton Heinen.
11:24 of 2nd period - Shot Misses the Net.
11:34 of 2nd period - Snap shot by Matthew Nieto.
11:34 of 2nd period - Shot Misses the Net.
11:40 of 2nd period - Frank Corrado is hit by Corey Trivino and loses puck.
12:13 of 2nd period - Brandon Hickey is hit by Jakub Vrana and loses puck.
12:49 of 2nd period - Icing by Mathieu Brodeur.
12:50 of 2nd period - Philip Varone wins face-off versus Peter Holland in Heat zone.
12:50 of 2nd period - Philip Varone is hit by Peter Holland.
13:20 of 2nd period - Wrist shot by Brandon Pirri.
13:20 of 2nd period - Shot Blocked by John Gilmour.
13:44 of 2nd period - Wrist shot by Jiri Sekac.
13:44 of 2nd period - Shot Misses the Net.
13:46 of 2nd period - Wrist shot by Dominic Turgeon.
13:46 of 2nd period - Shot Blocked by Greg Pateryn.
13:48 of 2nd period - Snap shot by Dominic Turgeon.
13:48 of 2nd period - Deflect By Jiri Sekac.
13:48 of 2nd period - Stopped by Michael Hutchinson without a rebound.
13:49 of 2nd period - Corey Trivino wins face-off versus Victor Rask in Heat zone.
13:58 of 2nd period - Wrist shot by Brandon Pirri.
13:58 of 2nd period - Deflect By Corey Trivino.
13:58 of 2nd period - Stopped by Michael Hutchinson with a rebound.
14:00 of 2nd period - Slapshot by Dean Kukan.
14:00 of 2nd period - Shot Misses the Net.
14:02 of 2nd period - Slapshot by Dean Kukan.
14:02 of 2nd period - Deflect By Corey Trivino.
14:02 of 2nd period - Shot Blocked by Frank Corrado.
14:02 of 2nd period - Puck is out of play.
14:03 of 2nd period - Mattias Tedenby wins face-off versus Philip Varone in Heat zone.
14:10 of 2nd period - Wrist shot by Mattias Tedenby.
14:10 of 2nd period - Stopped by Michael Hutchinson without a rebound.
14:11 of 2nd period - Corey Trivino wins face-off versus Philip Varone in Heat zone.
14:17 of 2nd period - Minor Penalty to Philip Varone for Hooking.
14:18 of 2nd period - Peter Cehlarik wins face-off versus Corey Trivino in Heat zone.
14:32 of 2nd period - Snap shot by Mattias Tedenby.
14:32 of 2nd period - Goal by Mattias Tedenby - Rocket : 1 - Heat : 3.
14:33 of 2nd period - Kevin Labanc wins face-off versus Corey Trivino in neutral zone.
14:38 of 2nd period - Snap shot by Kevin Labanc.
14:38 of 2nd period - Shot Blocked by Luca Sbisa.
15:02 of 2nd period - Wrist shot by Danton Heinen.
15:02 of 2nd period - Stopped by Michael Hutchinson without a rebound.
15:03 of 2nd period - Jake DeBrusk wins face-off versus Peter Holland in Heat zone.
15:38 of 2nd period - Wrist shot by Brandon Pirri.
15:38 of 2nd period - Stopped by Michael Hutchinson with a rebound.
15:47 of 2nd period - Icing by Mattias Tedenby.
15:48 of 2nd period - Dominic Turgeon wins face-off versus Chris Brown in Rocket zone.
15:53 of 2nd period - Slapshot by Peter Cehlarik.
15:53 of 2nd period - Shot Blocked by Andrey Pedan.
15:56 of 2nd period - Icing by Andrey Pedan.
15:57 of 2nd period - Dominic Turgeon wins face-off versus Philip Varone in Rocket zone.
17:50 of 2nd period - Snap shot by Jake DeBrusk.
17:50 of 2nd period - Shot Misses the Net.
17:53 of 2nd period - Icing by Andrey Pedan.
17:54 of 2nd period - Karson Kuhlman wins face-off versus Philip Varone in Rocket zone.
18:04 of 2nd period - Karson Kuhlman is hit by Greg Pateryn.
18:14 of 2nd period - Wrist shot by Jakub Vrana.
18:14 of 2nd period - Stopped by Michael Hutchinson with a rebound.
18:26 of 2nd period - Snap shot by Jakub Vrana.
18:26 of 2nd period - Deflect By Corey Trivino.
18:26 of 2nd period - Shot Misses the Net.
18:26 of 2nd period - Puck is out of play.
18:27 of 2nd period - Corey Trivino wins face-off versus Victor Rask in Heat zone.
18:30 of 2nd period - Snap shot by Brandon Pirri.
18:30 of 2nd period - Goal by Brandon Pirri - Rocket : 2 - Heat : 3.
18:31 of 2nd period - Philip Varone wins face-off versus Corey Trivino in neutral zone.
18:34 of 2nd period - Slapshot by Rasmus Andersson.
18:34 of 2nd period - Goal by Rasmus Andersson - Rocket : 2 - Heat : 4.
18:35 of 2nd period - Philip Varone wins face-off versus Brandon Pirri in neutral zone.
19:04 of 2nd period - Off-side.
19:05 of 2nd period - Victor Rask wins face-off versus Peter Holland in neutral zone.
19:32 of 2nd period - Corey Trivino is hit by Matthew Nieto.
Goals for this period are 2 for Rocket vs 1 for Heat.
Shots for this period are 12 for Rocket vs 11 for Heat.

3rd period


0:01 of 3rd period - Corey Trivino wins face-off versus Victor Rask in neutral zone.
0:33 of 3rd period - Dean Kukan is hit by Matthew Nieto and loses puck.
1:28 of 3rd period - Snap shot by Corey Trivino.
1:28 of 3rd period - Shot Misses the Net.
1:30 of 3rd period - Snap shot by Brandon Pirri.
1:30 of 3rd period - Shot Misses the Net.
1:32 of 3rd period - Slapshot by Andrei Mironov.
1:32 of 3rd period - Shot Blocked by Greg Pateryn.
2:06 of 3rd period - Icing by Andrey Pedan.
2:07 of 3rd period - Chris Brown wins face-off versus Karson Kuhlman in Rocket zone.
2:16 of 3rd period - Andrei Mironov is hit by Frank Corrado.
2:32 of 3rd period - Snap shot by Adrian Kempe.
2:32 of 3rd period - Stopped by Michael Hutchinson without a rebound.
2:33 of 3rd period - Kevin Labanc wins face-off versus Peter Holland in Heat zone.
2:59 of 3rd period - Victor Rask is hit by Corey Trivino and loses puck.
3:04 of 3rd period - Wrist shot by Mattias Tedenby.
3:04 of 3rd period - Shot Misses the Net.
3:10 of 3rd period - Snap shot by Mattias Tedenby.
3:10 of 3rd period - Shot Misses the Net.
3:12 of 3rd period - Wrist shot by Brandon Pirri.
3:12 of 3rd period - Shot Misses the Net.
3:26 of 3rd period - Snap shot by Barclay Goodrow.
3:26 of 3rd period - Shot Misses the Net.
3:28 of 3rd period - Backhand shot by Chris Brown.
3:28 of 3rd period - Shot Misses the Net.
3:32 of 3rd period - Slapshot by Barclay Goodrow.
3:32 of 3rd period - Stopped by Igor Shesterkin without a rebound.
3:33 of 3rd period - Corey Trivino wins face-off versus Philip Varone in Rocket zone.
3:42 of 3rd period - Backhand shot by Brandon Pirri.
3:42 of 3rd period - Stopped by Michael Hutchinson with a rebound.
3:58 of 3rd period - Evgeny Svechnikov is hit by Danton Heinen and loses puck.
4:27 of 3rd period - Snap shot by Jiri Sekac.
4:27 of 3rd period - Shot Blocked by Barclay Goodrow.
5:02 of 3rd period - Matthew Nieto is hit by Mattias Tedenby and loses puck.
5:45 of 3rd period - Slapshot by Adam Fox.
5:45 of 3rd period - Deflect By Dominic Turgeon.
5:45 of 3rd period - Stopped by Michael Hutchinson with a rebound.
5:47 of 3rd period - Wrist shot by Adam Fox.
5:47 of 3rd period - Stopped by Michael Hutchinson without a rebound.
5:48 of 3rd period - Dominic Turgeon wins face-off versus Kevin Labanc in Heat zone.
5:57 of 3rd period - Snap shot by Jiri Sekac.
5:57 of 3rd period - Stopped by Michael Hutchinson with a rebound.
6:09 of 3rd period - Wrist shot by Dominic Turgeon.
6:09 of 3rd period - Stopped by Michael Hutchinson with a rebound.
6:11 of 3rd period - Snap shot by Jiri Sekac.
6:11 of 3rd period - Shot Misses the Net.
6:17 of 3rd period - Matthew Nieto is hit by Kole Sherwood and loses puck.
6:26 of 3rd period - Kevin Labanc is hit by Kole Sherwood and loses puck.
6:59 of 3rd period - Snap shot by Kevin Labanc.
6:59 of 3rd period - Deflect By Luca Sbisa.
6:59 of 3rd period - Stopped by Igor Shesterkin with a rebound.
7:01 of 3rd period - Snap shot by Philip Varone.
7:01 of 3rd period - Deflect By Kevin Labanc.
7:01 of 3rd period - Goal by Kevin Labanc - Rocket : 2 - Heat : 5.
7:02 of 3rd period - Mattias Tedenby wins face-off versus Evgeny Svechnikov in neutral zone.
7:05 of 3rd period - Slapshot by Brandon Pirri.
7:05 of 3rd period - Shot Misses the Net.
7:19 of 3rd period - Victor Rask is hit by Mattias Tedenby and loses puck.
7:42 of 3rd period - Slapshot by Peter Holland.
7:42 of 3rd period - Deflect By Adrian Kempe.
7:42 of 3rd period - Shot Blocked by Dominik Masin.
7:42 of 3rd period - Puck is out of play.
7:43 of 3rd period - Nico Sturm wins face-off versus Peter Holland in Heat zone.
8:00 of 3rd period - Adrian Kempe is hit by Nico Sturm and loses puck.
8:13 of 3rd period - Snap shot by Barclay Goodrow.
8:13 of 3rd period - Shot Blocked by Andrey Pedan.
8:15 of 3rd period - Wrist shot by Barclay Goodrow.
8:15 of 3rd period - Shot Misses the Net.
8:17 of 3rd period - Snap shot by Rasmus Andersson.
8:17 of 3rd period - Shot Misses the Net.
8:19 of 3rd period - Snap shot by Chris Brown.
8:19 of 3rd period - Heat goal is going for a video replay.
8:19 of 3rd period - The goal is good.
8:19 of 3rd period - Goal by Chris Brown - Rocket : 2 - Heat : 6.
8:20 of 3rd period - Corey Trivino wins face-off versus Philip Varone in neutral zone.
8:45 of 3rd period - Peter Holland is hit by Victor Rask.
9:04 of 3rd period - Icing by Adam Fox.
9:05 of 3rd period - Chris Brown wins face-off versus Dominic Turgeon in Rocket zone.
9:14 of 3rd period - Wrist shot by Jiri Sekac.
9:14 of 3rd period - Stopped by Michael Hutchinson with a rebound.
9:27 of 3rd period - Slapshot by Frank Corrado.
9:27 of 3rd period - Shot Hit the Post.
9:29 of 3rd period - Wrist shot by Dominik Masin.
9:29 of 3rd period - Stopped by Igor Shesterkin without a rebound.
9:30 of 3rd period - Corey Trivino wins face-off versus Philip Varone in Rocket zone.
9:40 of 3rd period - Dean Kukan is hit by Mathieu Brodeur and loses puck.
9:43 of 3rd period - Minor Penalty to Matthew Nieto for Interference.
9:44 of 3rd period - Philip Varone wins face-off versus Corey Trivino in Heat zone.
10:18 of 3rd period - Jake DeBrusk is hit by Danton Heinen and loses puck.
10:29 of 3rd period - Dominik Masin is hit by Corey Trivino and loses puck.
11:43 of 3rd period - Penalty to Matthew Nieto is over, Matthew Nieto is back on ice.
11:49 of 3rd period - Dean Kukan is hit by Jesper Bratt and loses puck.
12:49 of 3rd period - Corey Trivino is hit by Barclay Goodrow and loses puck.
13:02 of 3rd period - Chris Brown is hit by Adam Fox and loses puck.
13:10 of 3rd period - Off-side.
13:11 of 3rd period - Philip Varone wins face-off versus Peter Holland in neutral zone.
14:35 of 3rd period - Off-side.
14:36 of 3rd period - Corey Trivino wins face-off versus Chris Brown in neutral zone.
14:39 of 3rd period - John Gilmour is hit by Adam Fox and loses puck.
14:48 of 3rd period - Wrist shot by Barclay Goodrow.
14:48 of 3rd period - Shot Misses the Net.
14:52 of 3rd period - Slapshot by Barclay Goodrow.
14:52 of 3rd period - Stopped by Igor Shesterkin without a rebound.
14:53 of 3rd period - Philip Varone wins face-off versus Dominic Turgeon in Rocket zone.
14:54 of 3rd period - Snap shot by Kevin Labanc.
14:54 of 3rd period - Stopped by Igor Shesterkin without a rebound.
14:55 of 3rd period - Philip Varone wins face-off versus Dominic Turgeon in Rocket zone.
15:20 of 3rd period - Matthew Nieto is hit by Luca Sbisa and loses puck.
15:29 of 3rd period - Slapshot by Luca Sbisa.
15:29 of 3rd period - Shot Blocked by Philip Varone.
15:31 of 3rd period - Slapshot by Adam Fox.
15:31 of 3rd period - Stopped by Michael Hutchinson with a rebound.
15:33 of 3rd period - Snap shot by Jakub Vrana.
15:33 of 3rd period - Shot Misses the Net.
16:47 of 3rd period - Snap shot by Victor Rask.
16:47 of 3rd period - Shot Misses the Net.
16:49 of 3rd period - Wrist shot by Evgeny Svechnikov.
16:49 of 3rd period - Stopped by Igor Shesterkin with a rebound.
16:51 of 3rd period - Slapshot by Rasmus Andersson.
16:51 of 3rd period - Shot Blocked by Adam Fox.
18:01 of 3rd period - Slapshot by Matthew Nieto.
18:01 of 3rd period - Shot Blocked by Jakub Vrana.
18:09 of 3rd period - Brandon Pirri is hit by Philip Varone.
18:41 of 3rd period - Dean Kukan is hit by Barclay Goodrow and loses puck.
18:48 of 3rd period - John Gilmour is hit by Danton Heinen and loses puck.
19:00 of 3rd period - Minor Penalty to Frank Corrado for Roughing.
19:01 of 3rd period - Philip Varone wins face-off versus Peter Holland in Heat zone.
19:11 of 3rd period - Snap shot by Jake DeBrusk.
19:11 of 3rd period - Stopped by Igor Shesterkin without a rebound.
19:12 of 3rd period - Philip Varone wins face-off versus Corey Trivino in Rocket zone.
19:22 of 3rd period - Off-side.
19:23 of 3rd period - Brandon Pirri wins face-off versus Philip Varone in neutral zone.
Goals for this period are 0 for Rocket vs 2 for Heat.
Shots for this period are 8 for Rocket vs 9 for Heat. Output by the SimonT Hockey Simulator (STHS) for Francois Prevost - Original Page W3C HTML5 Valid
Hockey Simulator - Hockey Simulation - Hockey Manager